 Dungeon Sprint DCSS version 0.27.0-66-gdc8fb28755 (webtiles) character file.

Game seed: 7481320430762116320

22720 ABBCCCDDDD the Warrior (level 12, -3/175 HPs)
             Began as a Minotaur Berserker on Aug 19, 2021.
             Was the Champion of Trog.
             Slain by an azure jelly (6 damage)
             ... in the Dungeon (Sprint III: "The Ten Rune Challenge").
             The game lasted 00:08:38 (3731 turns).

ABBCCCDDDD the Warrior (Minotaur Berserker)         Turns: 3731, Time: 00:08:38

Health: -3/175     AC: 10    Str: 27    XL:     12   Next: 65%
Magic:  11/11      EV: 15    Int:  4    God:    Trog [******]
Gold:   2405       SH:  0    Dex: 10    Spells: 11/11 levels left

rFire    . . .     SeeInvis .   v - +5 broad axe (flame)
rCold    . . .     Faith    .   (no shield)
rNeg     . . .     Spirit   .   r - +0 chain mail
rPois    .         Reflect  .   a - +2 hat
rElec    .         Harm     .   q - +0 cloak
rCorr    .         Rampage  .   (no gloves)
Will     +++..     NoTele   +   (no boots)
Stlth    ..........             (no amulet)
HPRegen  1.39/turn              i - ring of willpower
MPRegen  0.12/turn              (no ring)

@: berserking, strong-willed, corroded, regenerating, hasted, very quick
A: horns 2, retaliatory headbutt, deformed body, frail 1, screaming 1
a: Renounce Religion, Berserk, Trog's Hand, Brothers in Arms


You were in the Dungeon.
You worshipped Trog.
Trog was exalted by your worship.
You visited 1 branch You collected 2405 gold pieces.

Inventory:

Hand Weapons
 u - the +8 battleaxe "Yggeamm" {flame, rF- Will+++ MP-9 Stlth+}
   (Trog gifted it to you in the Dungeon)

   It burns those it strikes, dealing additional fire damage.
   Big, fiery blades are also staple armaments of hydra-hunters.
   rF:        It makes you vulnerable to fire.
   MP:        It affects your magic capacity (-9).
   Will:      It greatly increases your willpower.
   Stlth:     It makes you more stealthy.
 v - a +5 broad axe of flaming (weapon)
Armour
 a - a +2 hat (worn)
 q - a +0 cloak (worn)
 r - a +0 chain mail (worn)
Jewellery
 i - a ring of willpower (left hand)
Scrolls
 j - a scroll of torment {unknown}
 k - 4 scrolls of identify
 n - a scroll of holy word {unknown}
Potions
 c - 2 potions of curing
 d - 3 potions of heal wounds
 f - 2 potions of magic
 g - 2 potions of berserk rage
 h - a potion of attraction {unknown}
 l - 3 potions of flight
 m - 6 potions of mutation
 p - 2 potions of might
Miscellaneous
 o - a lightning rod (4/4)


   Skills:
 + Level 19.3 Fighting
 - Level 18.0 Axes
 + Level 19.1 Armour
 + Level 17.8 Dodging


You had 11 spell levels left.
You didn't know any spells.
Your spell library was empty.

Dungeon Overview and Level Annotations

Branches:
Dungeon (1/1)

Altars:
Cheibriados
Dithmenos
Elyvilon
Fedhas
Gozag
Hepliaklqana
Kikubaaqudgha
Makhleb
Nemelex Xobeh
Okawaru
Qazlal
Ru
Sif Muna
Trog
Uskayaw
Vehumet
Wu Jian
Xom
Yredelemnul
Zin
The Shining One
Beogh
Jiyva
Lugonu

Shops:
D (

Annotations:
D Royal Jelly


Innate Abilities, Weirdness & Mutations

You have a pair of horns on your head.
You reflexively headbutt those who attack you in melee.
Armour fits poorly on your strangely shaped body.
You are frail. (-10% HP)
You occasionally shout uncontrollably at your foes.


Message History

You are splashed with acid!!!
An azure jelly, 2 floating eyes and a shining eye come into view.
You are splashed with acid!
The shining eye turns its gaze towards you.
The azure jelly quivers.
The floating eye turns its gaze towards you. x2
The floating eye pulsates ominously.
You yell at the Royal Jelly!
The Royal Jelly comes into view.
The Royal Jelly quivers.
The shining eye gazes at you.
Strange energies course through your body.
You feel frail.
Found a wand of digging (2).
Found a viscous altar of Jiyva.
Okay, then.
You feel yourself speed up.
Your skin crawls.
You feel strong-willed.
Your troll goes berserk!
A red film seems to cover your vision as you go berserk!
You feel yourself moving faster!
You feel mighty! The azure jelly misses you. You furiously retaliate!
You headbutt the azure jelly!! The azure jelly hits you!
The azure jelly freezes you!! The azure jelly barely misses you.
The azure jelly completely misses you.
You slash the azure jelly! You burn the azure jelly!
The azure jelly is heavily wounded.
You slash the Royal Jelly! You burn the Royal Jelly.
Your hands burn!
* * * LOW HITPOINT WARNING * * *
The Royal Jelly shudders vigorously.
The Royal Jelly spits out two more jellies.
The Royal Jelly hits you!!
* * * LOW HITPOINT WARNING * * *
You are splashed with acid!
* * * LOW HITPOINT WARNING * * *
The Royal Jelly hits you!
* * * LOW HITPOINT WARNING * * *
The acid corrodes you!
You are splashed with acid!
* * * LOW HITPOINT WARNING * * *
The azure jelly hits you.
You die...

▓...+≈≈...########♣♣
▓...#≈≈≈...÷.....PP♣
▓...#≈≈≈≈..÷P.....P♣
#'#############'#####
##.###### ▓).....
##.#...### ▓≈≈....
##.......## ▓≈≈≈.P.
##..TJG....# ▓≈≈≈≈≈.
#.J.@###G... ▓≈≈≈≈≈≈
#..J##=##... ▓≈≈≈≈≈≈
##J.#|φ|#..# ▓≈≈≈≈≈≈
#...##)##... ▓≈≈≈≈≈≈
#....###G...
##.........#
##.......## ###._.###


You could see the Royal Jelly, 2 acid blobs, an azure jelly (ally target), a
shining eye, 2 floating eyes and a friendly troll (summoned, berserk).

Levels and vault maps discovered:
D:        dungeon_sprint_mu [sprint_mu_entry_cave, sprint_mu_temple_rooms,
          sprint_mu_d1_spiders, sprint_mu_d2_genie, sprint_mu_d3_branching,
          sprint_mu_orc_legion, sprint_mu_elf_gauntlet, sprint_mu_hive_nellie,
          sprint_mu_lair_fedhas, sprint_mu_vaults_butterflies,
          sprint_mu_slime_circle, sprint_mu_shoals_kraken,
          sprint_mu_snake_twists, sprint_mu_blade_basic, sprint_mu_crypt_lich,
          sprint_mu_tomb_spiral, sprint_mu_vestibule_basic,
          sprint_mu_gehenna_hellfire, sprint_mu_dis_giant,
          sprint_mu_tartarus_statrot, sprint_mu_cocytus_islands, sprint_mu_zot1]

Notes
Turn   | Place    | Note
-------+----------+-------------------------------------------
     0 | D        | ABBCCCDDDD the Minotaur Berserker began the quest for the
                  | Orb.
     0 | D        | Reached XP level 1. HP: 19/19 MP: 0/0
    26 | D        | Noticed Jessica
    31 | D        | Killed Jessica
    31 | D        | Reached ** piety under Trog
    32 | D        | Reached skill level 5 in Fighting
    32 | D        | Reached skill level 5 in Axes
    32 | D        | Reached XP level 2. HP: 23/29 MP: 1/1
   116 | D        | Reached XP level 3. HP: 36/36 MP: 2/2
   267 | D        | Reached skill level 5 in Armour
   382 | D        | Noticed a water elemental
   385 | D        | Killed a water elemental
   386 | D        | Reached skill level 5 in Dodging
   386 | D        | Reached XP level 4. HP: 45/45 MP: 3/3
   445 | D        | Noticed a shadow
   448 | D        | Killed a shadow
   448 | D        | Reached *** piety under Trog
   449 | D        | Reached XP level 5. HP: 55/55 MP: 4/4
   449 | D        | Reached XP level 6. HP: 62/62 MP: 5/5
   583 | D        | Found a blossoming altar of Fedhas.
   583 | D        | Found a stormy altar of Qazlal.
   583 | D        | Found a snail-covered altar of Cheibriados.
   583 | D        | Found a burning altar of Makhleb.
   583 | D        | Found a shimmering altar of Xom.
   583 | D        | Noticed a spatial vortex
   584 | D        | Found a hazy altar of Hepliaklqana.
   584 | D        | Found an opulent altar of Gozag.
   584 | D        | Found a sparkling altar of Nemelex Xobeh.
   584 | D        | Found a corrupted altar of Lugonu.
   584 | D        | Found a viscous altar of Jiyva.
   592 | D        | Killed a spatial vortex
   645 | D        | Noticed a two-headed ogre
   645 | D        | Noticed a two-headed ogre
   650 | D        | Killed a two-headed ogre
   660 | D        | Killed a two-headed ogre
   660 | D        | Reached **** piety under Trog
   661 | D        | Reached XP level 7. HP: 71/71 MP: 6/6
   766 | D        | Reached skill level 10 in Fighting
   766 | D        | Reached skill level 10 in Axes
   828 | D        | Noticed a two-headed ogre
   836 | D        | Killed a two-headed ogre
   837 | D        | Reached skill level 10 in Armour
   888 | D        | Noticed a two-headed ogre
   888 | D        | Noticed Erolcha
   892 | D        | Killed Erolcha
   893 | D        | Reached skill level 10 in Dodging
   893 | D        | Reached XP level 8. HP: 83/83 MP: 7/7
   896 | D        | Killed a two-headed ogre
   896 | D        | Reached ***** piety under Trog
   903 | D        | Reached XP level 9. HP: 91/91 MP: 8/8
  1107 | D        | Found a basalt altar of Yredelemnul.
  1107 | D        | Found a shadowy altar of Dithmenos.
  1107 | D        | Found a sacrificial altar of Ru.
  1173 | D        | Found a hide-covered altar of Uskayaw.
  1173 | D        | Found an iron altar of Okawaru.
  1173 | D        | Found a bloodstained altar of Trog.
  1173 | D        | Found an ornate altar of the Wu Jian Council.
  1247 | D        | Found a radiant altar of Vehumet.
  1249 | D        | Found a shimmering blue altar of Sif Muna.
  1249 | D        | Found an ancient bone altar of Kikubaaqudgha.
  1251 | D        | Noticed an orange demon
  1254 | D        | Reached ****** piety under Trog
  1385 | D        | Found a glowing silver altar of Zin.
  1386 | D        | Found a glowing golden altar of the Shining One.
  1386 | D        | Found a white marble altar of Elyvilon.
  1386 | D        | Noticed a deep elf pyromancer
  1391 | D        | Killed a deep elf pyromancer
  1467 | D        | Noticed an orc sorcerer
  1480 | D        | Received a gift from Trog
  1492 | D        | Killed an orc sorcerer
  1658 | D        | Received a gift from Trog
  1817 | D        | Found Pacerphum's Antique Weapon Emporium.
  1876 | D        | Noticed a deep elf zephyrmancer
  1876 | D        | Noticed a deep elf pyromancer
  1876 | D        | Noticed a deep elf zephyrmancer
  1876 | D        | Noticed a deep elf zephyrmancer
  1876 | D        | Noticed a deep elf knight
  1917 | D        | Noticed a wandering mushroom
  1921 | D        | Noticed a wandering mushroom
  1924 | D        | Noticed a wandering mushroom
  1926 | D        | Killed a wandering mushroom
  1926 | D        | Identified the +8 battleaxe "Yggeamm" {flame, rF- Will+++
                  | MP-9 Stlth+} (Trog gifted it to you in the Dungeon)
  1926 | D        | Received a gift from Trog
  1979 | D        | Killed a wandering mushroom
  1980 | D        | Reached XP level 10. HP: 103/103 MP: 9/9
  2030 | D        | Noticed a cane toad
  2030 | D        | Noticed a cane toad
  2032 | D        | Killed a cane toad
  2033 | D        | Killed a cane toad
  2084 | D        | Received a gift from Trog
  2465 | D        | Reached skill level 15 in Fighting
  2471 | D        | Reached skill level 15 in Axes
  2472 | D        | Received a gift from Trog
  2508 | D        | Reached skill level 15 in Armour
  2608 | D        | Noticed an elephant
  2608 | D        | Noticed an elephant
  2608 | D        | Noticed a dire elephant
  2609 | D        | Noticed a dire elephant
  2609 | D        | Noticed Gastronok
  2613 | D        | Killed an elephant
  2623 | D        | Killed a dire elephant
  2624 | D        | Reached XP level 11. HP: 106/114 MP: 10/10
  2624 | D        | Killed a dire elephant
  2728 | D        | Killed Gastronok
  2729 | D        | Reached skill level 15 in Dodging
  2824 | D        | Noticed Rupert
  2834 | D        | Killed Rupert
  2834 | D        | Received a gift from Trog
  2889 | D        | Noticed an azure jelly
  2889 | D        | Noticed an azure jelly
  2889 | D        | Noticed an azure jelly
  2889 | D        | Noticed an azure jelly
  2909 | D        | Noticed a death yak
  2909 | D        | Noticed a death yak
  2911 | D        | Noticed a death yak
  2916 | D        | Killed a death yak
  2922 | D        | Killed a death yak
  2925 | D        | Killed a death yak
  2925 | D        | Noticed a death yak
  2931 | D        | Killed a death yak
  2931 | D        | Received a gift from Trog
  2932 | D        | Reached XP level 12. HP: 127/127 MP: 11/11
  3107 | D        | Noticed a kraken
  3109 | D        | Received a gift from Trog
  3274 | D        | Killed a kraken
  3430 | D        | Killed an azure jelly
  3432 | D        | Killed an azure jelly
  3434 | D        | Killed an azure jelly
  3436 | D        | Killed an azure jelly
  3450 | D        | Noticed an azure jelly
  3450 | D        | Gained mutation: You occasionally shout uncontrollably at
                  | your foes. [a shining eye]
  3457 | D        | Killed an azure jelly
  3457 | D        | Received a gift from Trog
  3469 | D        | Gained mutation: Armour fits poorly on your strangely
                  | shaped body. [a shining eye]
  3724 | D        | Noticed an azure jelly
  3726 | D        | Found a viscous altar of Jiyva.
  3726 | D        | Noticed the Royal Jelly
  3726 | D        | Gained mutation: You are frail. (-10% HP) [a shining eye]
  3731 | D        | Noticed an acid blob
  3731 | D        | Noticed an acid blob
  3731 | D        | HP: 3/175 [acid (8)]
  3731 | D        | Slain by an azure jelly

Table legend: (Time is in decaauts)
 A = Elapsed time spent in this place.
 B = Non-inter-level travel time spent in this place.
 C = Inter-level travel time spent in this place.
 D = Time resting spent in this place.
 E = Time spent auto-exploring this place.
 F = Levels seen in this place.
 G = Mean time per level.
                   A        B        C        D        E       F      G
               +--------+--------+--------+--------+--------+-----+--------+
         Total |   3982 |   3969 |     13 |   3043 |     26 |   1 | 3982.0 |
       Dungeon |   3982 |   3969 |     13 |   3043 |     26 |   1 | 3982.0 |
               +--------+--------+--------+--------+--------+-----+--------+

Top non-repeatable levels by time:
       D: 3982 daAuts

Table legend:
 A = Kills in this place as a percentage of kills in entire the game.
 B = Kills by you in this place as a percentage of kills by you in the entire game.
 C = Kills by friends in this place as a percentage of kills by friends in the entire game.
 D = Other kills in this place as a percentage of other kills in the entire game.
 E = Experience gained in this place as a percentage of experience gained in the entire game.
 F = Experience gained in this place divided by the number of levels of this place that you have seen.
                   A       B       C       D       E      F
               +-------+-------+-------+-------+-------+----------------------
         Total | 100.0 | 100.0 | 100.0 |   N/A | 100.0 | 32458.0
       Dungeon | 100.0 | 100.0 | 100.0 |   N/A | 100.0 | 32458.0
               +-------+-------+-------+-------+-------+----------------------

Action                   |  1- 3 |  4- 6 |  7- 9 | 10-12 || total
-------------------------+-------+-------+-------+-------++-------
Melee: Hand axe          |    14 |    19 |    57 |       ||    90
       Headbutt          |     4 |     3 |    24 |    24 ||    55
       Battleaxe         |       |       |    13 |    13 ||    26
       Broad axe         |       |       |       |    97 ||    97
Invok: Berserk           |     3 |     3 |    12 |    13 ||    31
       Trog's Hand       |       |       |       |     3 ||     3
       Brothers in Arms  |       |       |       |     3 ||     3
  Use: Scroll            |       |       |       |     1 ||     1
       Potion            |       |       |       |     1 ||     1
 Stab: Confused          |       |       |       |     2 ||     2
Armor: Animal skin       |       |     1 |       |       ||     1
       Scale mail        |       |       |     3 |    14 ||    17
       Chain mail        |       |       |       |    15 ||    15
Dodge: Dodged            |     8 |    10 |    24 |    46 ||    88

Vanquished Creatures
  Rupert (D)
  A kraken (D)
  Gastronok (D)
  2 dire elephants (D)
  Erolcha (D)
  4 death yaks (D)
  An orc sorcerer (D)
  A shining eye (D)
  2 deep elf pyromancers (D)
  2 elephants (D)
  2 black mambas (D)
  2 cane toads (D)
  A komodo dragon (D)
  A rime drake (D)
  3 wandering mushrooms (D)
  2 tyrant leeches (D)
  8 blink frogs (D)
  2 snapping turtles (D)
  3 redbacks (D)
  A shadow (D)
  A spatial vortex (D)
  2 floating eyes (D)
  A swamp drake (D)
  An orc warrior (D)
  A necrophage (D)
  5 two-headed ogres (D)
  A water elemental (D)
  A jelly (D)
  An orc priest (D)
  Jessica (D)
  A wizard (D)
  A necromancer (D)
  2 orc wizards (D)
  A kobold demonologist (D)
  3 humans (D)
  A wolf (D)
  8 orcs (D)
  An endoplasm (D)
  A kobold (D)
  A rat (D)
76 creatures vanquished.

Vanquished Creatures (collateral kills)
  5 azure jellies (D)
5 creatures vanquished.

Vanquished Creatures (others)
  A fungus (D)
  8 plants (D)
  4 tentacles (D)
13 creatures vanquished.

Grand Total: 94 creatures vanquished
